 Dungeon Crawl Stone Soup version 0.19.0-19-g8c6edcc (webtiles) character file.

4495 asthiss the Basher (level 10, -23/132 HPs)
             Began as a Minotaur Berserker on Nov 12, 2016.
             Was a High Priest of Trog.
             Annihilated by lorenzova's ghost (25 damage)
             ... on level 8 of the Dungeon.
             The game lasted 00:36:58 (8712 turns).

asthiss the Basher (Minotaur Berserker)             Turns: 8712, Time: 00:36:59

Health: -23/132    AC:  5    Str: 29    XL:     10   Next: 16%
Magic:  9/9        EV: 14    Int:  4    God:    Trog [*****.]
Gold:   492        SH:  8    Dex: 11    Spells: 0 memorised, 9 levels left

rFire  . . .     SeeInvis .     v - +1 whip (elec)
rCold  . . .     Gourm    .     s - +1 leather armour {MR+}
rNeg   . . .     Faith    .     e - +3 buckler
rPois  .         Spirit   .     (helmet restricted)
rElec  .         Reflect  .     (no cloak)
rCorr  .         Harm     .     (no gloves)
MR     +....                    (no boots)
Stlth  ..........               b - amulet of rage
                                (no ring)
                                (no ring)

@: berserking, very quick
A: retaliatory headbutt, horns 2
a: Berserk, Trog's Hand, Brothers in Arms, Burn Spellbooks, Renounce Religion,
Evoke Berserk Rage


You were on level 8 of the Dungeon.
You worshipped Trog.
Trog was extremely pleased with you.
You were very hungry.

You visited 1 branch of the dungeon, and saw 8 of its levels.
You also visited: Sewer.

You collected 492 gold pieces.

Inventory:

Hand Weapons
 a - a +0 mace
 v - a +1 whip of electrocution (weapon)
 w - a +5 flail
Missiles
 r - 3 tomahawks of returning (quivered)
Armour
 d - a +2 scale mail
 e - a +3 buckler (worn)
 s - a +1 leather armour of magic resistance (worn)
Jewellery
 b - an amulet of rage (around neck)
 j - an uncursed amulet of magic regeneration
Wands
 g - a wand of lightning (6/15)
 h - a wand of flame (48/48)
 n - a wand of digging (10/24)
 p - a wand of paralysis (18/24)
Scrolls
 f - 2 scrolls of teleportation
 l - 4 scrolls of recharging
 m - 2 scrolls of identify
 q - 2 scrolls of remove curse
Potions
 i - 3 potions of flight
 k - a potion of agility
 o - 2 potions of berserk rage
Comestibles
 c - 7 bread rations
 t - 2 beef jerkies
 u - 5 slices of pizza


   Skills:
 + Level 7.9 Fighting
 + Level 11.0 Maces & Flails
 + Level 9.0 Armour
 + Level 5.9 Dodging
 + Level 1.1 Stealth
 + Level 6.1 Shields


You had 9 spell levels left.
You didn't know any spells.

Dungeon Overview and Level Annotations

Branches:
Dungeon (8/15)             Temple (0/1) D:7
   Lair: D:8-11

Altars:
Fedhas
Hepliaklqana
Nemelex Xobeh
Qazlal
Uskayaw

Annotations:
D:8 lorenzova's ghost, novice TrMo


Innate Abilities, Weirdness & Mutations

You reflexively headbutt those who attack you in melee.
You have a pair of horns on your head.


Message History

You closely miss lorenzova's ghost.
Lorenzova's ghost is severely damaged.
You closely miss lorenzova's ghost.
Lorenzova's ghost is severely damaged.
You block lorenzova's ghost's attack.
You miss lorenzova's ghost. Your headbutt misses lorenzova's ghost.
Lorenzova's ghost is severely damaged.
You hit lorenzova's ghost. Your headbutt misses lorenzova's ghost.
Lorenzova's ghost is severely damaged.
You miss lorenzova's ghost.
Lorenzova's ghost is severely damaged.
Lorenzova's ghost hits you.
* * * LOW HITPOINT WARNING * * *
You barely miss lorenzova's ghost.
Lorenzova's ghost is severely damaged.
You miss lorenzova's ghost. Your headbutt misses lorenzova's ghost.
Lorenzova's ghost is severely damaged.
Lorenzova's ghost swings its fists at you.
Lorenzova's ghost hits you!!
You die...

## ## ..?#. ##.#.#
...... ##.#..####
.........#
.........##.#
......W@....#
....[.#'######
......#.##...#
......#[##.#.#
.>.......#.#.#
.....[#).#.#.#
..).#.#....#.#####
... # #....#.##..#
.. #...(..##.####


You could see lorenzova's ghost.

Vanquished Creatures
  Pikel (D:8)
  Sigmund (D:4)
  A human (D:7)
  4 hogs (D:7)
  A wyvern (D:8)
  A hungry ghost (D:6)
  The ghost of TheWoodenMan the Insei, an amateur OpWr (D:3)
  An orc warrior (D:6)
  A black bear (D:7)
  A sky beast (D:6)
  4 ogres
  3 phantoms
  An eye of draining (D:6)
  A centaur (D:8)
  A big kobold (D:8)
  7 bullfrogs
  A scorpion (D:5)
  2 killer bees (D:8)
  A bullfrog zombie (D:6)
  3 crimson imps
  2 orc priests (D:6)
  A hound (D:7)
  3 orc wizards
  2 iguanas
  Ijyb (D:2)
  3 worker ants
  Terence (D:2)
  2 hound zombies
  Robin (D:3)
  A howler monkey skeleton (D:4)
  14 adders
  3 gnolls (D:4)
  An ooze (D:1)
  An adder skeleton (D:7)
  5 worms
  2 dart slugs (D:3)
  4 leopard geckos
  17 orcs
  8 bats
  8 giant cockroaches
  11 goblins
  9 hobgoblins
  13 jackals
  11 kobolds
  4 quokkas
  8 ball pythons
  8 frilled lizards
  A leopard gecko skeleton (D:6)
  A quokka skeleton (D:5)
  8 rats
191 creatures vanquished.

Vanquished Creatures (collateral kills)
  A black bear (D:8)
  4 killer bees (D:8)
  2 orcs (D:8)
7 creatures vanquished.

Vanquished Creatures (others)
  Maurice (D:8)
  2 slaves (D:8)
  3 wights (D:8)
  An orc wizard (D:8)
  3 orcs (D:8)
  A plant (D:4)
11 creatures vanquished.

Grand Total: 209 creatures vanquished

Notes
Turn   | Place    | Note
-------+----------+-------------------------------------------
     0 | D:1      | asthiss the Minotaur Berserker began the quest for the Orb.
     0 | D:1      | Reached XP level 1. HP: 19/19 MP: 0/0
   113 | D:1      | Reached skill level 4 in Maces & Flails
   240 | D:1      | Reached XP level 2. HP: 23/27 MP: 1/1
   732 | D:2      | Reached XP level 3. HP: 28/33 MP: 2/2
   870 | D:2      | Noticed Ijyb
   892 | D:2      | Killed Ijyb
   892 | D:2      | Reached XP level 4. HP: 17/40 MP: 3/3
  1162 | D:2      | Found a hazy altar of Hepliaklqana.
  1183 | D:2      | Reached ** piety under Trog
  1234 | D:2      | Noticed Terence
  1236 | D:2      | HP: 1/40 [Terence/trident (4)]
  1572 | D:2      | Killed Terence
  1585 | D:2      | Reached skill level 5 in Maces & Flails
  1790 | D:3      | Noticed TheWoodenMan's ghost (amateur OpWr)
  1814 | D:3      | Killed TheWoodenMan's ghost
  1814 | D:3      | Reached XP level 5. HP: 40/47 MP: 4/4
  2015 | D:3      | Reached XP level 6. HP: 36/53 MP: 5/5
  2462 | D:3      | Noticed Robin
  2486 | D:3      | Killed Robin
  2490 | D:3      | Reached *** piety under Trog
  2806 | D:4      | Reached skill level 6 in Maces & Flails
  2833 | D:4      | Reached skill level 5 in Fighting
  3121 | D:4      | Reached skill level 1 in Shields
  3132 | D:4      | Found a stormy altar of Qazlal.
  3133 | D:4      | Noticed a fire elemental
  3135 | D:4      | Noticed a water elemental
  3135 | D:4      | Noticed an air elemental
  3541 | D:4      | Reached XP level 7. HP: 46/61 MP: 6/6
  3550 | D:4      | Noticed Sigmund
  3569 | D:4      | Killed Sigmund
  3569 | D:4      | Reached skill level 7 in Maces & Flails
  3569 | D:4      | Reached skill level 5 in Armour
  4170 | D:5      | Entered Level 5 of the Dungeon
  4182 | D:5      | Found a glowing drain.
  4266 | D:5      | Found a hide-covered altar of Uskayaw.
  4267 | D:5      | Found a sparkling altar of Nemelex Xobeh.
  4725 | Sewer    | Entered a sewer
  4828 | Sewer    | Reached **** piety under Trog
  5464 | D:5      | Reached XP level 8. HP: 35/70 MP: 7/7
  5857 | D:6      | Reached skill level 8 in Maces & Flails
  6764 | D:6      | Reached skill level 9 in Maces & Flails
  6764 | D:6      | Reached XP level 9. HP: 76/79 MP: 8/8
  6799 | D:6      | Found a blossoming altar of Fedhas.
  6804 | D:6      | Found a stormy altar of Qazlal.
  6833 | D:6      | Found a stormy altar of Qazlal.
  7700 | D:7      | Found a staircase to the Ecumenical Temple.
  7976 | D:7      | Reached skill level 5 in Dodging
  7976 | D:7      | Reached skill level 5 in Shields
  7980 | D:7      | Reached ***** piety under Trog
  7980 | D:7      | Reached skill level 10 in Maces & Flails
  8219 | D:8      | Reached skill level 1 in Stealth
  8357 | D:8      | Noticed Maurice
  8358 | D:8      | Noticed Pikel
  8380 | D:8      | Killed Pikel
  8380 | D:8      | Reached XP level 10. HP: 54/88 MP: 9/9
  8383 | D:8      | Killed Maurice
  8391 | D:8      | Reached skill level 11 in Maces & Flails
  8685 | D:8      | Noticed lorenzova's ghost (novice TrMo)
  8705 | D:8      | HP: 5/132 [lorenzova's ghost (10)]
  8710 | D:8      | HP: 1/132 [lorenzova's ghost (4)]
  8712 | D:8      | Annihilated by lorenzova's ghost

Skill      XL: |  1  2  3  4  5  6  7  8  9 10 |
---------------+-------------------------------+-----
Maces & Flails | 4 5 6 7 9 10 11 | 11.0
Fighting       | 4 5 7 |  7.9
Armour         | 3 4 6 7 8 9 |  9.0
Dodging        | 3 4 5 |  5.9
Shields        | 1 2 4 6 |  6.1
Stealth        | 1 |  1.1

Action                   |  1- 3 |  4- 6 |  7- 9 | 10-12 || total
-------------------------+-------+-------+-------+-------++-------
Melee: Mace              |    61 |   159 |   410 |     4 ||   634
       Headbutt          |     6 |    31 |    67 |     2 ||   106
       Whip              |       |       |       |    25 ||    25
Invok: Berserk           |     2 |     3 |     4 |     1 ||    10
       Burn Spellbooks   |       |     1 |       |       ||     1
       Brothers in Arms  |       |       |     1 |       ||     1
  Use: Potion            |     3 |     4 |     3 |       ||    10
       Scroll            |     2 |     8 |     6 |     2 ||    18
 Stab: Invisible         |       |     3 |       |       ||     3
  Eat: Chunk             |     1 |     2 |     6 |       ||     9
       Meat ration       |       |     2 |       |       ||     2
       Beef jerky        |       |     1 |       |       ||     1
       Bread ration      |       |       |     3 |       ||     3
       Royal jelly       |       |       |     1 |       ||     1
       Pizza             |       |       |     2 |     1 ||     3
Armor: Scale mail        |    38 |    68 |    94 |       ||   200
       Leather armour    |       |       |    13 |       ||    13
Dodge: Dodged            |    53 |   101 |   183 |     8 ||   345
Block: Buckler           |       |    24 |   134 |     4 ||   162
